 Dungeon Crawl Stone Soup version 0.27.0-1-g7a089689b8 (webtiles) character file.

Game seed: 4844218541699091066

206 BbI4ka the Poker (level 5, -5/41 HPs)
             Began as a Merfolk Gladiator on Aug 3, 2021.
             Slain by a gnoll (6 damage)
             ... on level 4 of the Dungeon.
             The game lasted 00:08:21 (3233 turns).

BbI4ka the Poker (Merfolk Gladiator)                Turns: 3233, Time: 00:08:22

Health: -5/41      AC:  4    Str: 14    XL:     5   Next: 84%
Magic:  5/5        EV: 14    Int:  7    God:
Gold:   119        SH:  0    Dex: 17    Spells: 4/4 levels left

rFire    . . .     SeeInvis .   a - +0 trident
rCold    . . .     Faith    .   (no shield)
rNeg     . . .     Spirit   .   b - +0 leather armour
rPois    .         Reflect  .   c - +0 helmet
rElec    .         Harm     .   (no cloak)
rCorr    .         Rampage  .   (no gloves)
Will     .....                  (no boots)
Stlth    ++........             (no amulet)
HPRegen  0.13/turn              (no ring)
MPRegen  0.09/turn              (no ring)

@: no status effects
A: (nimble swimmer 2), mertail
a: no special abilities


You were on level 4 of the Dungeon.
You visited 1 branch of the dungeon, and saw 4 of its levels.

You collected 119 gold pieces.

Inventory:

Hand Weapons
 a - a +0 trident (weapon)
Missiles
 d - 3 throwing nets (quivered)
Armour
 b - a +0 leather armour (worn)
 c - a +0 helmet (worn)
Jewellery
 g - a ring of poison resistance
Wands
 o - a wand of charming (10)
Scrolls
 e - a scroll of noise {unknown}
 h - 2 scrolls of fog {unknown}
 j - 4 scrolls of identify {unknown}
 k - a scroll of torment {unknown}
 l - a scroll of enchant armour {unknown}
 m - a scroll of teleportation {unknown}
Potions
 f - a potion of lignification {unknown}
 n - a potion of might {unknown}


   Skills:
 + Level 3.5 Fighting
 + Level 7.0 Polearms
 + Level 2.1 Throwing
 + Level 1.0 Armour
 + Level 4.7 Dodging
 + Level 1.0 Stealth


You had 4 spell levels left.
You didn't know any spells.
Your spell library was empty.

Dungeon Overview and Level Annotations

Branches:
Dungeon (4/15)
 Temple: D:4-7

Altars:
Nemelex Xobeh
Uskayaw
The Shining One


Innate Abilities, Weirdness & Mutations

((You are quick and stealthy near water. (Stealth+, EV+, Speed+++)))
Your lower body shifts to a powerful aquatic tail in water.


Message History

The throwing net hits you.
You become entangled in the net!
You are held in a net!
You are held in a net!
You struggle against the net.
The gnoll hits you from afar with a +0 spear.
The gnoll closely misses you. The gnoll hits you with a +0 flail!
The gnoll hits you from afar with a +0 spear!
You struggle against the net.
The gnoll hits you from afar with a +0 spear.
* * * LOW HITPOINT WARNING * * *
The gnoll barely misses you. The gnoll hits you with a +0 flail!
* * * LOW HITPOINT WARNING * * *
The gnoll barely misses you.
You feel better.
The gnoll hits you from afar with a +0 spear.
* * * LOW HITPOINT WARNING * * *
The gnoll hits you from afar with a +0 spear.
* * * LOW HITPOINT WARNING * * *
The gnoll hits you but does no damage. The gnoll barely misses you.
It was a potion of heal wounds.
You feel much better. The gnoll barely misses you.
The gnoll hits you from afar with a +0 spear!
The gnoll hits you with a +0 flail.
* * * LOW HITPOINT WARNING * * *
The gnoll hits you from afar with a +0 spear.
* * * LOW HITPOINT WARNING * * *
You feel much better. The gnoll closely misses you.
The gnoll hits you from afar with a +0 spear.
The gnoll hits you with a +0 flail.
The gnoll hits you from afar with a +0 spear.
* * * LOW HITPOINT WARNING * * *
You struggle against the net.
The gnoll barely misses you. x2
The gnoll hits you with a +0 flail!
* * * LOW HITPOINT WARNING * * *
The gnoll closely misses you.
You rip the net and break free!
The gnoll misses you.
The gnoll hits you from afar with a +0 spear.
* * * LOW HITPOINT WARNING * * *
The gnoll hits you with a +0 flail.
You die...

.........#..
#..............
#.............. ..
#.............. ...
##..............
#..###...............
#....................
#............g.g..... #
##............@.g.....
.##...............g....#
......................##
....).................#
....#....##...#......##
.......###...#......##
....#..# ##...#......#
...##### ##..#......#
..## ..# .#


You could see 4 gnolls.

Vanquished Creatures
  An ogre (D:4)
  A hound skeleton (D:4)
  3 adders
  A worm (D:2)
  2 dart slugs
  3 orcs (D:3)
  6 ball pythons
  6 endoplasms
  A giant cockroach (D:4)
  10 goblins
  4 hobgoblins
  6 jackals
  3 quokkas
  4 bats
  7 frilled lizards
  6 kobolds
  7 rats
  A spectral hobgoblin (D:1)
72 creatures vanquished.

Notes
Turn   | Place    | Note
-------+----------+-------------------------------------------
     0 | D:1      | BbI4ka the Merfolk Gladiator began the quest for the Orb.
     0 | D:1      | Reached XP level 1. HP: 16/16 MP: 1/1
    48 | D:1      | Found a faded altar of an unknown god.
   203 | D:1      | Reached XP level 2. HP: 22/22 MP: 2/2
   589 | D:1      | Reached XP level 3. HP: 26/28 MP: 3/3
   739 | D:1      | Reached skill level 5 in Polearms
  2000 | D:2      | Reached XP level 4. HP: 34/34 MP: 4/4
  2474 | D:3      | Found a hide-covered altar of Uskayaw.
  2515 | D:3      | Reached skill level 6 in Polearms
  2668 | D:3      | Found a glowing golden altar of the Shining One.
  2972 | D:4      | Noticed an ogre
  2983 | D:4      | Killed an ogre
  2984 | D:4      | Reached skill level 1 in Armour
  2984 | D:4      | Reached skill level 1 in Stealth
  2984 | D:4      | Reached XP level 5. HP: 25/41 MP: 5/5
  3139 | D:4      | Found a sparkling altar of Nemelex Xobeh.
  3189 | D:4      | Reached skill level 7 in Polearms
  3233 | D:4      | HP: 1/41 [gnoll (3)]
  3233 | D:4      | Slain by a gnoll

Illustrated notes

Levels and vault maps discovered:
D:1:      nzn_arrival_water_spiral, layout_loops_corners,
          dreamdust_ecumenical_altar_drowned_temple
D:2:      layout_loops_cross, minmay_hexomino_c4
D:3:      layout_rooms, mainiacjoe_overflow_small_starburst, tso_metal_star,
          minmay_strange_pillars, nrook_mini_backslash
D:4:      layout_layer_cave, amcnicky_altar_gilded, lemuel_tele_altar

Skill      XL: |  1  2  3  4  5 |
---------------+----------------+-----
Polearms       | 5 6 7 |  7.0
Fighting       | 3 |  3.5
Armour         | 1 |  1.0
Stealth        | 1 |  1.0
Throwing       | |  2.1
Dodging        | |  4.7

Action                   |  1- 3 |  4- 6 || total
-------------------------+-------+-------++-------
Melee: Trident           |   110 |    86 ||   196
  Use: Potion            |     2 |     3 ||     5
 Stab: Sleeping          |     4 |     2 ||     6
Armor: Leather armour    |    20 |    13 ||    33
Dodge: Dodged            |    55 |    59 ||   114
